 Dungeon Crawl Stone Soup version 0.28.0-47-ge53b351184 (webtiles) character file.

Game seed: 8712830687434160437

625 firemarshallily the Covered (level 7, 0/54 HPs)
             Began as a Demonspawn Fighter on Apr 27, 2022.
             Was a Believer of Nemelex Xobeh.
             Slain by an ogre
             ... wielding a +0 giant spiked club
              (25 damage)
             ... on level 4 of the Dungeon.
             The game lasted 00:13:35 (3194 turns).

firemarshallily the Covered (Demonspawn Fighter)    Turns: 3194, Time: 00:13:35

Health: 0/54       AC: 11    Str: 18    XL:     7   Next: 23%
Magic:  9/9        EV:  9    Int:  9    God:    Nemelex Xobeh [**....]
Gold:   225        SH:  9    Dex: 13    Spells: 5/6 levels left

rFire   + . .      SeeInvis .   a - +0 war axe
rCold   + . .      Faith    .   c - +1 buckler
rNeg    . . .      Spirit   .   b - +0 scale mail
rPois   .          Reflect  .   i - +2 hat
rElec   .          Harm     .   p - scarf {rC+ rF+}
rCorr   .          Rampage  .   (no gloves)
Will    .....                   (no boots)
Stlth   ..........              q - amulet of the acrobat
HPRegen 0.18/turn               (no ring)
MPRegen 0.11/turn               (no ring)

@: no status effects
A: hooves 1, molten scales 1, powered by death 1, condensation shield
a: Renounce Religion, Draw Escape, Draw Destruction, Draw Summoning


You were on level 4 of the Dungeon.
You worshipped Nemelex Xobeh.
Nemelex Xobeh was pleased with you.
You visited 1 branch of the dungeon, and saw 6 of its levels.

You collected 225 gold pieces.

Inventory:

Hand Weapons
 a - a +0 war axe (weapon)
Missiles
 f - 113 stones (quivered)
 o - 2 poisoned darts
 r - 6 javelins
Armour
 b - a +0 scale mail (worn)
 c - a +1 buckler (worn)
 i - a +2 hat (worn)
 p - a scarf of resistance (worn)
 s - a +0 plate armour
Jewellery
 q - an amulet of the acrobat (around neck)
Wands
 e - a wand of polymorph (11)
 g - a wand of paralysis (6)
Scrolls
 h - a scroll of enchant armour
 l - a scroll of fear {unknown}
 t - a scroll of blinking {unknown}
Potions
 d - a potion of might
 j - 2 potions of haste {unknown}
 k - a potion of resistance
 m - 3 potions of heal wounds
 n - a potion of curing {unknown}


   Skills:
 + Level 4.3 Fighting
 * Level 4.5 Axes
 * Level 5.0 Armour
 - Level 2.8 Shields
 + Level 3.3 Invocations


You had 5 spell levels left.
You knew the following spells:

 Your Spells              Type           Power      Damage    Failure   Level
a - Animate Skeleton      Necr           0%         N/A       85%         1

Your spell library contained the following spells:

 Spells                   Type           Power      Damage    Failure   Level
 Pain                     Necr           0%         1d4       85%         1
 Slow                     Hex            0%         N/A       85%         1
 Sting                    Tmut/Pois      0%         1d3       85%         1
 Poisonous Vapours        Pois/Air       0%         N/A       94%         2
 Call Canine Familiar     Summ           0%         N/A       99%         3
 Confusing Touch          Hex            0%         N/A       99%         3
 Portal Projectile        Hex/Tloc       0%         N/A       99%         3
 Vampiric Draining        Necr           0%         2d6       99%         3
 Leda's Liquefaction      Hex/Erth       0%         N/A       100%        4
 Olgreb's Toxic Radiance  Pois           0%         N/A       100%        4


Dungeon Overview and Level Annotations

Branches:
Dungeon (6/15)             Temple (0/1) D:6

Altars:
Nemelex Xobeh

Shops:
D:1 [   D:3 =


Innate Abilities, Weirdness & Mutations

You have large cloven feet.
You are partially covered in molten scales. (AC +2)
You regenerate a little health from kills.
A meltable shield of frost defends you. (SH +4)


Message History

t - a scroll labelled BIFREARESH You slash the bullfrog skeleton!
You kick the bullfrog skeleton.
The bullfrog skeleton is heavily damaged.
You block the bullfrog skeleton's attack.
The bullfrog skeleton hits you but does no damage.
You barely miss the bullfrog skeleton.
The bullfrog skeleton is heavily damaged.
The bullfrog skeleton hits you but does no damage. x2
You barely miss the bullfrog skeleton. You kick the bullfrog skeleton.
The bullfrog skeleton is severely damaged.
The bullfrog skeleton closely misses you.
You slash the bullfrog skeleton!
You destroy the bullfrog skeleton!
Found 4 large rocks.
There is a stone staircase leading down here.
An ogre comes into view. It is wielding a +0 giant spiked club.
The ogre shouts!
You hit the ogre but do no damage. You kick the ogre.
The ogre is lightly wounded.
The ogre misses you.
You hit the ogre but do no damage.
The ogre is lightly wounded.
You block the ogre's attack.
You barely miss the ogre.
The ogre is lightly wounded.
You block the ogre's attack.
You barely miss the ogre.
The ogre is lightly wounded.
You block the ogre's attack.
You hit the ogre. You kick the ogre.
The ogre is moderately wounded.
The ogre hits you with a +0 giant spiked club.
You hit the ogre. Your kick misses the ogre.
The ogre is moderately wounded.
The ogre hits you with a +0 giant spiked club!!
You barely miss the ogre. You kick the ogre.
The ogre is heavily wounded.
The ogre hits you with a +0 giant spiked club!!
You die...
Your body glows with a rainbow of weird colours and disappears.

##.....................
##...#..#............. ####
##...<.#...)......... ...#####
###.....#.............
.......###.......#............#
.................>#..........#
..................###........#
..................# ##.......#
.............<..@.# ###.###..#
...............O..# ## #.#
..^...............#
..................#
#..................
#.........##........
..........###.......
.##...##### #.......# #######


You could see an ogre.

Vanquished Creatures
  A basilisk (D:5)
  A chaos spawn (D:5)
  A black bear (D:5)
  A boggart (D:5)
  A bullfrog skeleton (D:4)
  Natasha (thrice) (D:2)
  4 gnolls (D:3)
  3 adders
  An adder skeleton (D:4)
  A worm (D:3)
  A dart slug (D:2)
  3 bats
  A giant cockroach (D:3)
  4 goblins
  6 hobgoblins
  4 jackals (D:4)
  5 quokkas
  3 ball pythons
  3 frilled lizards
  5 kobolds
  4 rats
56 creatures vanquished.

Vanquished Creatures (collateral kills)
  Menkaure (D:5)
1 creature vanquished.

Grand Total: 57 creatures vanquished

Notes
Turn   | Place    | Note
-------+----------+-------------------------------------------
     0 | D:1      | firemarshallily the Demonspawn Fighter began the quest for
                  | the Orb.
     0 | D:1      | Reached XP level 1. HP: 18/18 MP: 1/1
    27 | D:1      | Found Nacecracamn's Armour Shoppe.
   410 | D:1      | Found a faded altar of an unknown god.
   418 | D:1      | Prayed at the altar of an unknown god.
   418 | D:1      | Became a worshipper of Nemelex Xobeh the Trickster
   418 | D:1      | Reached * piety under Nemelex Xobeh
   489 | D:1      | Received a gift from Nemelex Xobeh
   496 | D:1      | Gained mutation: You regenerate a little health from kills.
                  | [demonic ancestry]
   496 | D:1      | Reached XP level 2. HP: 24/24 MP: 2/2
   622 | D:2      | Reached skill level 3 in Armour
   725 | D:2      | Noticed Natasha
   728 | D:2      | Killed Natasha
   729 | D:2      | Reached XP level 3. HP: 29/29 MP: 3/3
   815 | D:2      | Noticed Natasha
   824 | D:2      | Killed Natasha
   825 | D:2      | Reached XP level 4. HP: 12/35 MP: 4/4
  1343 | D:2      | Noticed Natasha
  1351 | D:2      | Killed Natasha
  1352 | D:2      | Reached skill level 1 in Invocations
  1820 | D:3      | Found Kuloeseh's One-of-a-Kind Rings.
  1856 | D:3      | Reached ** piety under Nemelex Xobeh
  2009 | D:3      | Received a gift from Nemelex Xobeh
  2056 | D:3      | Learned a level 1 spell: Animate Skeleton
  2125 | D:3      | Gained mutation: You are partially covered in molten
                  | scales. (AC +2) [demonic ancestry]
  2125 | D:3      | Reached XP level 5. HP: 36/41 MP: 6/6
  2795 | D:4      | Reached skill level 4 in Armour
  2795 | D:4      | Received a gift from Nemelex Xobeh
  2849 | D:4      | You fall into a shaft and drop 2 floors!
  2849 | D:6      | Noticed an ogre
  2849 | D:6      | Noticed a two-headed ogre
  2849 | D:6      | Noticed a gargoyle
  2849 | D:6      | Noticed a sky beast
  2849 | D:6      | Reached *** piety under Nemelex Xobeh
  2850 | D:6      | Noticed an ogre
  2850 | D:6      | Noticed a black bear
  2856 | D:6      | Noticed an ice beast
  2858 | D:6      | Noticed a troll
  2868 | D:6      | Found a staircase to the Ecumenical Temple.
  2886 | D:5      | Entered Level 5 of the Dungeon
  2886 | D:5      | Noticed Pikel
  2886 | D:5      | Noticed a lemure
  2893 | D:5      | Noticed a lemure
  2893 | D:5      | Noticed a lemure
  2893 | D:5      | Noticed a lemure
  2897 | D:5      | Noticed Pikel
  2897 | D:5      | Pikel changed into Pikel the basilisk
  2897 | D:5      | Noticed a steam dragon
  2897 | D:5      | a scorpion changed into a steam dragon
  2897 | D:5      | a lemure changed into a quasit
  2897 | D:5      | Noticed a chaos spawn
  2897 | D:5      | a lemure changed into a chaos spawn
  2897 | D:5      | a lemure changed into a shadow imp
  2900 | D:5      | Killed Pikel the basilisk
  2901 | D:5      | Gained mutation: You have large cloven feet. [demonic
                  | ancestry]
  2901 | D:5      | Reached XP level 6. HP: 29/48 MP: 4/7
  2901 | D:5      | Killed a chaos spawn
  2902 | D:5      | a steam dragon changed into a killer bee
  2905 | D:5      | Noticed Menkaure
  2915 | D:5      | Killed Menkaure
  2916 | D:5      | Gained mutation: A meltable shield of frost defends you.
                  | (SH +4) [demonic ancestry]
  2916 | D:5      | Reached XP level 7. HP: 19/54 MP: 9/9
  3110 | D:5      | Reached skill level 5 in Armour
  3194 | D:4      | Slain by an ogre

Illustrated notes

Levels and vault maps discovered:
D:1:      eino_arrival_cavern_d, layout_basic,
          shapermc_ecumenical_altar_notcrosses, serial_shops, shop,
          minmay_split_cup_small
D:2:      layout_basic, grunt_ministairs_9, roderic_roman_lattice, uniq_natasha
D:3:      layout_basic, st_stairs_1, kennysheep_decorative_pillar,
          nicolae_shop_unique_rings
D:4:      layout_cave_pods
D:5:      layout_basic, grunt_ministairs_10, lightli_corner_chamber,
          uniq_menkaure, uniq_pikel
D:6:      cheibrodos_fzero, layout_basic, minmay_temple_entry_drinking_statues

Skill      XL: |  1  2  3  4  5  6  7 |
---------------+----------------------+-----
Axes           | 2 3 4 |  4.5
Armour         | 3 4 5 |  5.0
Invocations    | 1 2 3 |  3.3
Fighting       | 4 |  4.3
Shields        | |  2.8

Action                   |  1- 3 |  4- 6 |  7- 9 || total
-------------------------+-------+-------+-------++-------
Melee: War axe           |    51 |   113 |    17 ||   181
       Kick              |       |     4 |     5 ||     9
Throw: Stone             |       |     5 |       ||     5
Invok: Draw Escape       |       |     4 |       ||     4
       Draw Destruction  |       |     6 |       ||     6
       Triple Draw       |       |     1 |       ||     1
       Draw Summoning    |       |     1 |       ||     1
  Use: Scroll            |     2 |     5 |       ||     7
Armor: Scale mail        |    17 |    76 |     5 ||    98
Dodge: Dodged            |    18 |    83 |     5 ||   106
Block: Buckler           |    14 |    50 |     8 ||    72
